 Dungeon Crawl Stone Soup version 0.30.1-1-g62c8e00024 (webtiles) character file.

Game seed: 10251894960136587361

319 Peloso the Covered (level 6, -16/53 HPs)
             Began as a Minotaur Fighter on July 17, 2023.
             Demolished by Duvessa
             ... wielding a +0 rapier
              (20 damage)
             ... on level 4 of the Dungeon.
             The game lasted 00:05:58 (2804 turns).

Peloso the Covered (Minotaur Fighter)               Turns: 2804, Time: 00:05:58

Health: -16/53     AC:  8    Str: 20    XL:     6   Next: 21%
Magic:  5/5        EV: 10    Int:  5    God:
Gold:   247        SH:  5    Dex: 12    Spells: 5/5 levels left

rFire   . . .        a - +2 falchion (elec)
rCold   . . .        d - +0 buckler
rNeg    + . .        c - +0 scale mail
rPois   .            (helmet restricted)
rElec   .            (no cloak)
rCorr   .            (no gloves)
SInv    .            m - +0 pair of boots
Will    .....        (no amulet) Stlth
                     i - ring of positive energy
HPRegen 0.28/turn    (no ring)
MPRegen 0.09/turn

%: no passive effects
@: mighty
A: horns 2, retaliatory headbutt
a: no special abilities


You were on level 4 of the Dungeon.
You visited 1 branch of the dungeon, and saw 4 of its levels.

You collected 247 gold pieces.

Inventory:

Hand Weapons
 a - a +2 falchion of electrocution (weapon)
 b - a +0 long sword
Armour
 c - a +0 scale mail (worn)
 d - a +0 buckler (worn)
 m - a +0 pair of boots (worn)
Jewellery
 i - a ring of positive energy (left hand)
 p - a +6 ring of intelligence
 s - an amulet of reflection
 w - an amulet of regeneration
Wands
 h - a wand of roots (4)
Scrolls
 f - a scroll of magic mapping {unknown}
 k - a scroll of amnesia {unknown}
 l - 2 scrolls of acquirement
 n - 2 scrolls of fog
 q - a scroll of immolation {unknown}
 r - 2 scrolls of blinking {unknown}
 t - a scroll of teleportation {unknown}
Potions
 e - a potion of flight
 j - 3 potions of mutation
 o - 2 potions of ambrosia
 u - a potion of curing {unknown}
 v - 2 potions of cancellation {unknown}


   Skills:
 + Level 4.3 Fighting
 + Level 4.5 Long Blades
 + Level 5.4 Armour
 + Level 2.8 Dodging
 + Level 0.1 Stealth
 + Level 4.6 Shields


You had 5 spell levels left.
You didn't know any spells.
Your spell library contained the following spells:

 Spells                   Type           Power      Damage    Failure   Level
 Freeze                   Ice            0%         1d3       87%         1
 Sublimation of Blood     Necr           0%         N/A       95%         2
 Call Canine Familiar     Summ           0%         N/A       99%         3
 Frozen Ramparts          Ice            0%         1d1       99%         3
 Hailstorm                Conj/Ice       0%         3d3       99%         3
 Portal Projectile        Hex/Tloc       0%         N/A       99%         3
 Leda's Liquefaction      Hex/Erth       0%         N/A       100%        4
 Petrify                  Tmut/Erth      0%         N/A       100%        4
 Irradiate                Conj/Tmut      0%         3d11      100%        5


Dungeon Overview and Level Annotations

Branches:
Dungeon (4/15)
 Temple: D:4-7

Altars:

Annotations:
D:4 Duvessa


Innate Abilities, Weirdness & Mutations

You have a pair of horns on your head.
You reflexively headbutt those who attack you in melee.


Message History

The black bear rages.
The black bear bites you!
The black bear claws you but does no damage.
The black bear completely misses you.
You feel very mighty all of a sudden.
You feel sick.
You are no longer poisoned.
The black bear bites you but does no damage.
The black bear barely misses you. The black bear claws you.
Unknown command.
You slash the black bear!
You kill the black bear!
Your Long Blades skill increases to level 4!
You have reached level 6!
You slash the goblin! Lightning courses through the goblin!
You kill the goblin!
Unknown command.
You slash Dowan! Your headbutt misses Dowan.
Dowan is heavily wounded.
Dowan hits you but does no damage.
Unknown command.
You slash Dowan!
You kill Dowan!
Duvessa screams, "No!
How DARE you!"
Duvessa goes berserk!
Duvessa closely misses you.
You slash Duvessa! Lightning courses through Duvessa!
Duvessa is moderately wounded.
Duvessa hits you with a +0 rapier!
* * * LOW HITPOINT WARNING * * *
You barely miss Duvessa.
Duvessa is moderately wounded.
Duvessa hits you with a +0 rapier.
* * * LOW HITPOINT WARNING * * *
Duvessa hits you with a +0 rapier.
* * * LOW HITPOINT WARNING * * *
You hit Duvessa. Lightning courses through Duvessa!!
Your headbutt misses Duvessa.
Duvessa is almost dead.
Duvessa hits you with a +0 rapier!!
You die...

#####....)...##.##..
#..#............
#......)....##.#
##.##.#)....##.#
####.##.#.........
..##..............
#.#####......###.. #.#
##...### #!. # #@# #...#
#..
#.#.###e######...#####..
#...$.†K##...........#.#
.##.##..........>.......
#.###...........#.# #.#
#####...#####.# #.....#
#...# #.. #.#.#.# #...#
### .....#.# #...#


You could see Duvessa (berserk) and a kobold.

Vanquished Creatures
  A black bear (D:4)
  Dowan (D:4)
  Jessica (D:3)
  2 adders
  4 gnolls (D:3)
  3 worms
  A dart slug (D:2)
  8 orcs
  3 ball pythons
  7 bats
  5 endoplasms
  4 giant cockroaches
  5 hobgoblins
  10 jackals
  5 quokkas
  2 frilled lizards
  5 goblins
  9 kobolds
  4 rats
80 creatures vanquished.

Notes
Turn   | Place    | Note
-------+----------+-------------------------------------------
     0 | D:1      | Peloso the Minotaur Fighter began the quest for the Orb.
     0 | D:1      | Reached XP level 1. HP: 19/19 MP: 0/0
   216 | D:1      | Reached skill level 4 in Armour
   216 | D:1      | Reached XP level 2. HP: 25/27 MP: 1/1
   748 | D:1      | Identified a scroll of acquirement
   851 | D:2      | Reached XP level 3. HP: 33/33 MP: 2/2
  1472 | D:3      | Noticed Jessica
  1474 | D:3      | Killed Jessica
  1475 | D:3      | Reached skill level 1 in Dodging
  1475 | D:3      | Reached XP level 4. HP: 40/40 MP: 3/3
  1720 | D:3      | Found a faded altar of an unknown god.
  2149 | D:3      | Reached XP level 5. HP: 25/46 MP: 4/4
  2762 | D:4      | Reached skill level 5 in Armour
  2785 | D:4      | Noticed a black bear
  2790 | D:4      | Noticed Dowan
  2793 | D:4      | Noticed Duvessa
  2798 | D:4      | Killed a black bear
  2799 | D:4      | Reached XP level 6. HP: 23/52 MP: 5/5
  2801 | D:4      | Killed Dowan
  2804 | D:4      | Demolished by Duvessa

Illustrated notes

Levels and vault maps discovered:
D:1:      roderic_octagonal_star, layout_basic
D:2:      layout_loops_cross
D:3:      layout_basic, hellmonk_ecumenical_altar_lost_god,
          minmay_misc_feat_iff, serial_bayou_pond_e, minivault_5,
          chequers_serial_rivers_micro_e, uniq_jessica
D:4:      layout_loops_cross, jmf_multi_god_temple2, uniq_duvessa

Skill      XL: |  1  2  3  4  5 |
---------------+----------------+-----
Armour         | 4 5 |  5.4
Shields        | 4 |  4.6
Long Blades    | 3 4 |  4.5
Fighting       | 4 |  4.3
Dodging        | 1 2 |  2.8
Stealth        | |  0.1

Action                     |  1- 3 |  4- 6 || total
---------------------------+-------+-------++-------
  Melee: Long sword        |    21 |       ||    21
         Headbutt          |    17 |     9 ||    26
         Falchion          |    61 |    83 ||   144
    Use: Scroll            |     6 |     1 ||     7
         Potion            |       |     1 ||     1
 Armour: Scale mail        |    46 |    43 ||    89
  Dodge: Dodged            |    50 |    55 ||   105
  Block: Buckler           |    16 |    29 ||    45
